AoeStats
← Groblin Grealmer

Oasis

509500416Analyzed
2v2 RM · 5d ago on Sep 27, 2026· 29m 8s· 4 players
Game mode
Random Map
Map size
Medium (4 player)
Population
200
Speed
Normal
Resources
Standard
Victory
Conquest
Starting age
Dark Age
Ending age
Imperial Age
RankedLock teamsTeams togetherTeam positionsShared explorationLock speedFull tech treeHidden civsTurbo modeCheats
Victory
Defeat
🇺🇸 Varangians · United States
1087
+14
🇺🇸 Saxons · United States
1019
+17
🇺🇸 Shu · United States
1060
-16
🇨🇦 Hindustanis · Canada
1032
-15
Groblin Grealmer
7:19 Loom
10:03 Feudal Age
10:04 Man-at-Arms
10:53 Double-Bit Axe
18:43 Castle Age
18:22 Bloodlines
20:45 Scale Barding Armor
27:12 Scale Mail Armor
27:31 Arson
goosblin
1:44 Loom
7:19 Loom
10:57 Feudal Age
12:45 Double-Bit Axe
17:54 Castle Age
16:02 Man-at-Arms
16:32 Arson
16:51 Scale Mail Armor
16:59 Horse Collar
17:40 Forging
19:25 Chain Mail Armor
21:13 Squires
24:54 Gambesons
26:45 Wheelbarrow
FainterPrune5
6:15 Loom
12:41 Feudal Age
13:27 Double-Bit Axe
15:27 Horse Collar
15:47 Fletching
18:01 Gold Mining
22:32 Castle Age
22:09 Forging
23:04 Scale Mail Armor
22:43 Pikeman
Dester
0:52 Loom
12:35 Feudal Age
13:23 Horse Collar
13:28 Double-Bit Axe
20:05 Castle Age
18:19 Gold Mining
18:20 Stone Mining
18:40 Scale Barding Armor
18:46 Forging
19:00 Bloodlines
21:03 Bow Saw
20:55 Heavy Plow
21:19 Man-at-Arms
23:40 Scale Mail Armor
24:56 Iron Casting
24:48 Long Swordsman
Connection lost

Rejoining the realm…

Still unreachable

The connection could not be restored.

Session expired

The server has moved on; the page needs a fresh start.